 Dungeon Crawl Stone Soup version 0.30-a0-381-g6ea064c7b4 (webtiles) character file.

Game seed: 13403734510968312123

1951167 ragingrage the Fire Dragon (level 27, 186/248 HPs)
             Began as a Pale Draconian Fire Elementalist on Nov 30, 2022.
             Was an Initiate of Gozag.
             Escaped with the Orb
             ... and 4 runes on Dec 1, 2022!
             The game lasted 04:17:07 (116928 turns).

ragingrage the Fire Dragon (DrFE)                 Turns: 116928, Time: 04:17:07

Health: 186/248    AC: 19    Str: 12    XL:     27
Magic:  50/54      EV: 26    Int: 40    God:    Gozag
Gold:   13087      SH:  0    Dex: 20    Spells: 4/69 levels left

rFire   + . .      SeeInvis +    J - +6 Majin-Bo {vamp, MP+6 Int+6}
rCold   + + .      Faith    .    (shield currently unavailable)
rNeg    + + .      Spirit   .    (body armour unavailable)
rPois   +          Reflect  .    O - +0 mask of the Dragon {Will+ Slay+3 SInv}
rElec   +          Harm     +    d - scarf {harm}
rCorr   +          Rampage  .    Q - +2 pair of gloves {Dex+3}
Will    +++++                    o - +2 pair of boots {Stlth+}
Stlth   +++.......               i - macabre finger necklace {rN+}
HPRegen 0.61/turn                n - ring of Compulsion {rC+ rCorr Dex+5 SInv Stlth+}
MPRegen 0.34/turn                l - ring of Qenwaaf {rElec rPois rC+ Str-4 Int+6}
                                 m - ring "Luiwiot" {rF+ rN+ Will+ Int+2}

@: studying 4 skills
A: breathe steam, AC +13, unfitting armour, cold-blooded, steam resistance,
strong-willed 1, strong 1
0: Orb of Zot
}: 4/15 runes: barnacled, slimy, silver, gossamer
a: Breathe Steam, Renounce Religion, Potion Petition, Call Merchant, Bribe
Branch


You escaped.
You worshipped Gozag.
Gozag was extremely pleased with you.
You visited 10 branches of the dungeon, and saw 52 of its levels.
You visited the Abyss 1 time.
You visited 1 bazaar.
You completed 1 ziggurat, and saw 27 of its levels.
You also visited: Trove.

You collected 44710 gold pieces.
You spent 6105 gold pieces at shops.
You paid 25518 gold pieces to Gozag.

Inventory:

Hand Weapons
 J - the +6 Majin-Bo (weapon) {vamp, MP+6 Int+6}
   (You found it on level 13 of a ziggurat)

   It heals its wielder for a portion of the damage dealt when they wound a
   living foe with it or with a spell.
   Its wielder's spells cost health as well as magical power.
   Int:       It affects your intelligence (+6).
   MP:        It affects your magic capacity (+6).
Missiles
 A - 5 throwing nets
 V - 19 silver javelins
Armour
 d - a scarf of harm (worn)
 o - a +2 pair of boots of stealth (worn)
 O - the +0 mask of the Dragon (worn) {Will+ Slay+3 SInv}
   (You found it on level 2 of the Depths)

   Slay:      It affects your accuracy & damage with ranged weapons and melee
   (+3).
   SInv:      It lets you see invisible.
   Will:      It increases your willpower.
 Q - a +2 pair of gloves of dexterity (worn)
 R - a +3 buckler of protection
Magical Staves
 a - a staff of fire
Jewellery
 i - the macabre finger necklace (around neck) {rN+}
   (You found it in a treasure trove)

   [amulet of nothing]

   It enables you to equip an extra ring.
   rN:        It protects you from negative energy.
 l - the ring of Qenwaaf (right hand) {rElec rPois rC+ Str-4 Int+6}
   (You found it on level 13 of a ziggurat)

   [ring of intelligence]

   Str:       It affects your strength (-4).
   Int:       It affects your intelligence (+6).
   rC:        It protects you from cold.
   rElec:     It insulates you from electricity.
   rPois:     It protects you from poison.
 m - the ring "Luiwiot" (on amulet) {rF+ rN+ Will+ Int+2}
   (You found it in a treasure trove)

   [ring of positive energy]

   Int:       It affects your intelligence (+2).
   rF:        It protects you from fire.
   rN:        It protects you from negative energy.
   Will:      It increases your willpower.
 n - the ring of Compulsion (left hand) {rC+ rCorr Dex+5 SInv Stlth+}
   (You found it in a treasure trove)

   [ring of resist corrosion]

   Dex:       It affects your dexterity (+5).
   rC:        It protects you from cold.
   SInv:      It lets you see invisible.
   rCorr:     It protects you from acid and corrosion.
   Stlth:     It makes you more stealthy.
Wands
 c - a wand of digging (6)
 g - a wand of acid (2)
 w - a wand of flame (167)
 C - a wand of roots (29)
 E - a wand of mindburst (15)
 K - a wand of charming (54)
Scrolls
 f - 31 scrolls of teleportation
 j - 9 scrolls of blinking
 p - 13 scrolls of enchant armour
 q - 15 scrolls of immolation
 r - 10 scrolls of poison
 s - 4 scrolls of silence
 y - 32 scrolls of fog
 F - 13 scrolls of fear
 H - 17 scrolls of magic mapping
 T - 2 scrolls of summoning
Potions
 e - a potion of brilliance
 t - 7 potions of ambrosia
 u - 9 potions of attraction
 v - 12 potions of haste
 x - 33 potions of heal wounds
 B - 10 potions of cancellation
 D - 6 potions of berserk rage
 G - 3 potions of invisibility
 N - 14 potions of might
 P - 6 potions of lignification
 S - 17 potions of mutation
 U - 7 potions of magic
 W - 4 potions of resistance
 X - 29 potions of curing
Miscellaneous
 h - a tin of tremorstones (2/2)
 k - a phantom mirror
 z - a +1 figurine of a ziggurat
 M - a phial of floods
 Y - a condenser vane
 Z - a box of beasts


   Skills:
 + Level 20.6 Fighting
 + Level 18.6 Dodging
 - Level 13.0 Stealth
 - Level 13.0 Shields
 + Level 21.6 Spellcasting
 - Level 25.0 Conjurations
 + Level 4.2 Summonings
 - Level 13.0 Necromancy
 - Level 7.0 Translocations
 - Level 1.9 Transmutations
 O Level 27 Fire Magic
 - Level 18.3 Air Magic
 - Level 15.0 Earth Magic
 - Level 17.0 Evocations


You had 4 spell levels left.
You knew the following spells:

 Your Spells              Type           Power      Damage    Failure   Level
a - Iskenderun's Battles  Conj           100%       2d15      0%          5
b - Sublimation of Blood  Necr           99%        N/A       0%          2
c - Spellforged Servitor  Conj/Summ      51%        N/A       1%          7
d - Ignition              Fire           65%        3d17      1%          8
e - Orb of Destruction    Conj           63%        9d15      0%          7
f - Passage of Golubria   Tloc           78%        N/A       1%          4
g - Chain Lightning       Conj/Air       60%        3d80      8%          9
h - Swiftness             Air            100%       N/A       0%          3
i - Lehudib's Crystal Sp  Conj/Erth      58%        10d14     1%          8
j - Fire Storm            Conj/Fire      64%        8d16      1%          9
k - Blink                 Tloc           100%       N/A       1%          2
m - Apportation           Tloc           100%       N/A       1%          1

Your spell library contained the following spells:

 Spells                   Type           Power      Damage    Failure   Level
 Foxfire                  Conj/Fire      100%       2x1d9     0%          1
 Kiss of Death            Conj/Necr      100%       2d13      0%          1
 Magic Dart               Conj           100%       1d8       0%          1
 Necrotise                Necr           100%       1d9       0%          1
 Sandblast                Erth           100%       2d20      0%          1
 Shock                    Conj/Air       100%       1d9       0%          1
 Cigotuvi's Dreadful Rot  Necr/Pois/Air  100%       N/A       0%          2
 Momentum Strike          Conj/Tloc      100%       3d10      0%          2
 Scorch                   Fire           100%       2d10      0%          2
 Searing Ray              Conj           100%       2d8       0%          2
 Static Discharge         Conj/Air       100%       2-7/arc   0%          2
 Dazzling Flash           Conj/Hex       100%       N/A       0%          3
 Hailstorm                Conj/Ice       97%        3d19      0%          3
 Inner Flame              Hex/Fire       100%       N/A       0%          3
 Kindle Blastsparks       Fire/Tloc/Air  100%       2d18      0%          3
 Mephitic Cloud           Conj/Pois/Air  100%       N/A       0%          3
 Stone Arrow              Conj/Erth      100%       3d13      0%          3
 Vampiric Draining        Necr           99%        2d13      0%          3
 Vhi's Electric Charge    Tloc/Air       100%       N/A       0%          3
 Airstrike                Air            56%        2d(9-25)  0%          4
 Flame Wave               Conj/Fire      100%       2d21      0%          4
 Iskenderun's Mystic Bla  Conj/Tloc      100%       2d19      0%          4
 Sticky Flame             Conj/Fire      100%       2d11      0%          4
 Freeze                   Ice            100%       1d10      1%          1
 Sting                    Tmut/Pois      100%       1d8       1%          1
 Summon Small Mammal      Summ           100%       N/A       1%          1
 Call Imp                 Summ           67%        N/A       1%          2
 Ensorcelled Hibernation  Hex/Ice        86%        N/A       1%          2
 Passwall                 Tmut/Erth      70%        N/A       1%          2
 Poisonous Vapours        Pois/Air       100%       N/A       1%          2
 Wereblood                Tmut           55%        N/A       1%          2
 Call Canine Familiar     Summ           67%        N/A       1%          3
 Frozen Ramparts          Ice            86%        1d13      1%          3
 Gell's Gravitas          Tloc           78%        N/A       1%          3
 Ignite Poison            Fire/Tmut/Pois 88%        N/A       1%          3
 Lesser Beckoning         Tloc           100%       N/A       1%          3
 Ozocubu's Armour         Ice            43%        N/A       1%          3
 Portal Projectile        Hex/Tloc       100%       N/A       1%          3
 Spider Form              Tmut/Pois      50%        N/A       1%          3
 Summon Guardian Golem    Hex/Summ       57%        N/A       1%          3
 Teleport Other           Tloc           78%        N/A       1%          3
 Tukima's Dance           Hex            43%        N/A       1%          3
 Anguish                  Hex/Necr       38%        N/A       1%          4
 Dispel Undead            Necr           99%        3d31      1%          4
 Fulminant Prism          Conj/Hex       48%        3d21      1%          4
 Leda's Liquefaction      Hex/Erth       40%        N/A       1%          4
 Petrify                  Tmut/Erth      84%        N/A       1%          4
 Summon Lightning Spire   Summ/Air       93%        N/A       1%          4
 Summon Ice Beast         Ice/Summ       57%        N/A       2%          4
 Cause Fear               Hex            21%        N/A       5%          4
 Olgreb's Toxic Radiance  Pois           43%        N/A       5%          4
 Arcjolt                  Conj/Air       60%        1d70      0%          5
 Fireball                 Conj/Fire      64%        3d24      0%          5
 Lightning Bolt           Conj/Air       60%        1d83      0%          5
 Conjure Ball Lightning   Conj/Air       60%        3x3d23    0%          6
 Starburst                Conj/Fire      64%        6d17      0%          6
 Agony                    Necr           99%        N/A       1%          5
 Borgnjor's Vile Clutch   Necr/Erth      50%        N/A       1%          5
 Freezing Cloud           Conj/Ice/Air   51%        6-21      1%          5
 Irradiate                Conj/Tmut      50%        3d28      1%          5
 Lee's Rapid Deconstruct  Erth           52%        3d24*     1%          5
 Silence                  Hex/Air        43%        N/A       1%          5
 Summon Forest            Summ/Tloc      36%        N/A       1%          5
 Death Channel            Necr           49%        N/A       1%          6
 Iron Shot                Conj/Erth      58%        9d11      1%          6
 Maxwell's Capacitive Co  Air            56%        ∞         1%          8
 Statue Form              Tmut/Erth      56%        N/A       2%          6
 Dispersal                Tloc           39%        N/A       4%          6
 Summon Mana Viper        Hex/Summ       57%        N/A       6%          5
 Blade Hands              Tmut           27%        N/A       7%          5
 Storm Form               Tmut/Air       45%        N/A       7%          7
 Alistair's Intoxication  Tmut/Pois      33%        N/A       10%         5
 Yara's Violent Unravell  Hex/Tmut       25%        3d11      10%         5
 Haunt                    Necr/Summ      42%        N/A       13%         7
 Metabolic Englaciation   Hex/Ice        21%        N/A       14%         5
 Summon Cactus Giant      Summ           33%        N/A       14%         6
 Infestation              Necr           49%        N/A       17%         8
 Eringya's Noxious Bog    Tmut/Pois      25%        N/A       50%         6
 Monstrous Menagerie      Summ           33%        N/A       61%         7
 Summon Hydra             Summ           33%        N/A       61%         7
 Shatter                  Erth           52%        3d39*     75%         9
 Necromutation            Tmut/Necr      40%        N/A       86%         8
 Disjunction              Tloc           39%        N/A       89%         8
 Dragon Form              Tmut           27%        N/A       91%         7
 Ozocubu's Refrigeration  Ice            21%        4d12      99%         7
 Summon Horrible Things   Summ           33%        N/A       99%         8
 Discord                  Hex            21%        N/A       100%        8
 Dragon's Call            Summ           33%        N/A       100%        9
 Polar Vortex             Ice            21%        N/A       100%        9
 Animate Armour           Summ/Erth      Unusable   N/A       N/A         4
 Animate Dead             Necr           Unusable   N/A       N/A         4
 Simulacrum               Ice/Necr       Unusable   N/A       N/A         6

Dungeon Overview and Level Annotations

Branches:
Dungeon (15/15)            Temple (0/1) D:5            Lair (5/5) D:8
 Shoals (4/4) Lair:2       Spider (4/4) Lair:3        Slime (5/5) Lair:4
    Orc (2/2) D:11            Elf (3/3) Orc:2        Vaults (5/5) D:13
  Crypt (0/3) Vaults:3     Depths (4/4) D:15            Zot (5/5) Depths:4

Altars:
Ashenzari
Cheibriados
Dithmenos
Elyvilon
Fedhas
Gozag
Hepliaklqana
Kikubaaqudgha
Makhleb
Nemelex Xobeh
Okawaru
Qazlal
Ru
Sif Muna
Uskayaw
Vehumet
Wu Jian
Xom
Zin
The Shining One
Jiyva

Shops:
D:7 (=[   D:8 ?:??***!   D:9 *   D:15 (   Orc:1 !=   Orc:2 *([*   Shoals:2 =
Shoals:3 (*   Depths:1 !**((

Portals:
Hell: Depths:1 Depths:2 Depths:3 Depths:4
Abyss: Depths:2 Depths:3
Pandemonium: Depths:2 Depths:4

Annotations:
Lair:5 1 runed translucent door, 3 exclusions
Shoals:3 1 runed translucent door, Mecsish's ghost, adept AtWn
Spider:1 flight?
Elf:2 5 runed translucent doors
Vaults:2 Boris
Zot:3 1 transporter


Innate Abilities, Weirdness & Mutations

You can breathe blasts of scalding, opaque steam.
Your pale cyan-grey scales are hard. (AC +13)
You cannot fit into any form of body armour.
You are cold-blooded and may be slowed by cold attacks.
You are immune to the effects of steam.
You are strong-willed. (Will+)
Your muscles are strong. (Str +4, Int/Dex -1)


Message History

Xuopoac partially resists.
Xuopoac is heavily wounded.
The great blast of fire engulfs the rust devil!!
The rust devil partially resists.
The rust devil is severely wounded.
The great blast of fire engulfs the rust devil!!
The rust devil partially resists.
The rust devil is almost dead.
The great blast of fire engulfs the Executioner!!!
The Executioner partially resists.
The Executioner is severely wounded.
Aiming: Fire Storm (mildly dangerous; 1% risk of failure)
Press: ? - help, Q - select action, (/) - cycle Dir - move target, f/p - Xuopoac
Aim: Xuopoac (flame, heavily wounded)
A raging storm of fire appears!
The great blast of fire engulfs Xuopoac!!!
Xuopoac partially resists.
You kill Xuopoac!
The great blast of fire engulfs the rust devil!!!
The rust devil partially resists.
You kill the rust devil!
The great blast of fire engulfs the rust devil!!
The rust devil partially resists.
You kill the rust devil!
The great blast of fire engulfs the Executioner!!!
The Executioner partially resists.
You kill the Executioner!
(D) Dungeon (T) Temple (L) Lair (A) Shoals (N) Spider Nest (M) Slime Pits (O) Orcish Mines (E) Elven Halls (V) Vaults (C) Crypt (U) Depths (H) Hell (Z) Zot
Where to? (Enter - D:1 @ (x,y), ? - help)
What level of the Dungeon? (default 1, ? - help)
There is a stone staircase leading up here.
You climb upwards.
There is a stone staircase leading down here.
You see here a +0 dagger.
There is an open door here.
There is a staircase leading out of the dungeon here.
You have escaped!

..+......+....##......##.# #.#.
.##......###############.# #.#.
###......###############.# #.#.
#......##...........##.# #.#.
#......##...........##.# #.#.
##...#.##..8.....8..##.# #.#.
####...#.##...........##.# #.#.
.......#.##...........##.# #.#.
########..'.....@.....'..#####.##
#...).)##...........##(#.......
#......##...........##.##.##.#.
#......##..8.....8..##.##.##.#.
#......##...........##.##.##.#.
#......##...........##....##.## #
###..#.#################..##.# #
#..#.# ########### #..##.# ##
#..#.# #.........# #..##.#


There were no monsters in sight!

Vanquished Creatures
  the Royal Jelly (Slime:5)
  A dread lich (Zig:21)
  4 ancient liches
  Mennas (Depths:4)
  13 juggernauts
  13 royal mummies
  8 pandemonium lords
  8 Killer Klowns
  Sojobo (Depths:2)
  2 curse toes
  Margery (Depths:4)
  Xtahua (Depths:4)
  5 caustic shrikes
  The ghost of Kunuk the Peltast, a veteran MiFi of Okawaru (Depths:4)
  12 golden dragons
  Nikola (Shoals:3)
  A bone dragon (Zig:8)
  3 doom hounds
  2 electric golems (Zot:5)
  7 Brimstone Fiends
  7 hellephants
  An iron giant (Depths:4)
  Zenata (Elf:3)
  Rupert (Lair:2)
  17 tentacled monstrosities
  25 searing wretches
  Jorgrun (Orc:2)
  4 titans
  7 Orb Guardians
  A walking earthen tome (Depths:3)
  A Hell Sentinel (Zig:7)
  6 liches
  3 tainted leviathans (Zig:8)
  3 walking crystal tomes
  Grunn (Zot:1)
  11 deep elf blademasters
  21 deep elf master archers
  14 quicksilver dragons
  An Executioner (D:2)
  A tentacled starspawn (Zig:5)
  2 walking frostbound tomes
  A walking divine tome (Depths:3)
  28 acid blobs
  A sphinx (shapeshifter) (Vaults:5)
  16 shadow dragons
  14 sphinxes
  11 death cobs
  A storm dragon (shapeshifter) (Depths:2)
  12 storm dragons
  15 tengu reavers
  Ilsuiw (Shoals:2)
  21 fire giants
  9 draconian monks
  34 nagarajas
  3 draconian scorchers (Zot:4)
  9 rockslimes
  13 azure jellies
  18 vault wardens
  16 frost giants
  3 cacodemons
  2 draconian knights (Zot:4)
  6 deep elf sorcerers
  4 angels (Zot:1)
  Aizul (Elf:2)
  10 emperor scorpions
  8 ghost moths
  23 balrugs
  5 iron dragons (Zig:19)
  15 orc warlords
  4 deep elf elementalists (Elf:3)
  6 war gargoyles
  18 ironbound preservers
  4 draconian shifters
  2 demonspawn corrupters (Zig:21)
  2 draconian stormcallers
  4 spriggan defenders
  14 quicksilver oozes
  2 caustic shrike skeletons
  4 draconian annihilators
  A stone giant (shapeshifter) (Depths:2)
  2 broodmothers
  37 stone giants
  15 very ugly things
  2 reapers
  A juggernaut skeleton (Zig:17)
  A putrid mouth (Zig:8)
  A vampire knight (Depths:2)
  An eleionoma (shapeshifter) (Zig:11)
  7 ironbound thunderhulks
  Azrael (Orc:2)
  6 green draconians
  2 dire elephants (shapeshifter)
  18 deep elf demonologists
  3 black draconians
  6 spark wasps
  8 yellow draconians
  5 dire elephants
  7 purple draconians
  6 white draconians
  18 deep elf annihilators
  Snorg (Lair:5)
  3 blizzard demons
  4 red draconians
  15 merfolk javelineers
  An eidolon (Zig:8)
  14 mummy priests
  17 ettins
  10 merfolk impalers
  12 entropy weavers
  18 yaktaur captains
  A green death (Abyss:2)
  10 deep elf death magi
  Josephine (D:14)
  14 great orbs of eyes
  19 deep elf high priests
  20 fire dragons
  6 rakshasas
  A great orb of eyes (shapeshifter) (Depths:3)
  43 vault guards
  A spectral tengu (Zig:8)
  26 salamander tyrants
  3 peacekeepers
  2 jorogumos (Zig:16)
  14 ice dragons
  12 hydras
  7 spriggan air magi
  4 merfolk avatars
  A catoblepas (Zig:20)
  9 centaur warriors
  4 radroaches
  7 ogre magi
  3 hell beasts
  6 ironbound frosthearts
  4 anacondas
  A merfolk aquamancer (Shoals:2)
  2 alligator snapping turtles (Shoals:4)
  18 dancing weapons
  5 death scarabs
  A stoker (Zig:26)
  6 boulder beetles
  12 death yaks
  21 two-headed ogres
  8 deep troll shamans
  8 tengu warriors
  19 orc high priests
  3 hell hogs
  7 naga warriors
  3 thrashing horrors
  9 deep troll earth magi
  7 shock serpents
  11 satyrs
  10 spriggan berserkers
  A sun demon (Zig:7)
  2 vampire magi
  A soul eater (Depths:4)
  A shock serpent (shapeshifter) (Zig:13)
  A storm dragon zombie (Zig:21)
  15 naga sharpshooters
  20 deep elf knights
  2 spriggans (Depths:3)
  14 hell knights
  A salamander mystic (Zig:22)
  Nergalle (Lair:3)
  15 iron trolls
  2 wretched stars (Zig:5)
  7 pharaoh ants
  2 shadow wraiths
  5 death drakes (Zig:19)
  A glowing orange brain (shapeshifter) (Elf:1)
  4 skeletal warriors (D:13)
  3 sun moths
  A spatial maelstrom (Zig:5)
  56 deep trolls
  8 glowing orange brains
  A storm dragon skeleton (Zig:17)
  3 sixfirhies
  14 sea snakes
  2 spriggan druids (Zig:20)
  A spriggan simulacrum (Zig:17)
  5 swamp dragons (Zig:19)
  16 orb spiders
  2 naga ritualists (Zig:22)
  2 golden dragon zombies (Zig:21)
  2 orb spiders (shapeshifter)
  6 steelbarb worms
  3 phantasmal warriors
  3 flayed ghosts (Depths:2)
  7 necromancers
  An obsidian statue (Zig:1)
  A lindwurm (shapeshifter) (Zig:11)
  6 starcursed masses (Abyss:2)
  37 harpies
  21 deep elf archers
  18 orc knights
  2 orange crystal statues
  20 wizards
  2 sphinx zombies (Zig:17)
  Pikel (D:5)
  2 mana vipers
  16 lindwurms
  16 ironbound convokers
  42 ugly things
  37 deep elf pyromancers
  23 wolf spiders
  38 deep elf zephyrmancers
  6 shining eyes
  2 tengu skeletons (Zig:21)
  21 fauns
  5 salamanders
  23 orc sorcerers
  33 moths of wrath
  19 manticores
  19 cyclopes
  A moth of wrath (shapeshifter) (Zig:11)
  2 centaur zombies (D:15)
  4 water nymphs
  Maurice (D:8)
  23 black mambas
  Joseph (D:7)
  14 elephants
  9 guardian serpents
  2 rust devils (D:2)
  5 eyes of devastation
  An elephant (shapeshifter) (Vaults:5)
  24 vault sentinels
  6 merfolk sirens
  An apocalypse crab (Zig:11)
  An orange demon (Zot:1)
  14 cane toads
  A stone giant skeleton (Depths:1)
  4 smoke demons
  2 centaur skeletons (D:15)
  A gargoyle (D:13)
  A torpor snail (shapeshifter) (Vaults:5)
  A cane toad (shapeshifter) (D:13)
  13 naga magi
  14 torpor snails
  6 ice statues
  6 large abominations
  3 hellions
  An unseen horror (Abyss:2)
  6 rime drakes
  33 yaktaurs
  11 komodo dragons
  A komodo dragon (shapeshifter) (Elf:2)
  2 kobold demonologists
  14 demonic crawlers
  6 freezing wraiths
  3 tengu conjurers
  A tormentor (Zig:26)
  A hellwing (Depths:4)
  23 guardian mummies
  A troll (shapeshifter) (Depths:1)
  17 meliai
  7 wind drakes
  2 red devils
  10 hornets
  A hornet (shapeshifter) (Vaults:5)
  5 polar bears
  3 tyrant leeches (Lair:5)
  31 merfolk
  18 trolls
  A tyrant leech (shapeshifter) (Vaults:5)
  26 tarantellas
  A slime creature (shapeshifter) (Vaults:5)
  24 blink frogs
  102 slime creatures
  24 dream sheep
  6 raiju (Abyss:2)
  12 snapping turtles
  2 spriggan zombies
  9 flying skulls
  2 spriggan skeletons
  A vampire (Abyss:2)
  38 jumping spiders
  3 shadows
  3 air elementals
  25 culicivoras
  14 ushabtiu
  7 wyverns
  7 wraiths
  A yak (shapeshifter) (D:13)
  12 small abominations
  A fire bat (shapeshifter) (Vaults:4)
  7 basilisks
  8 water elementals
  62 yaks
  A basilisk (shapeshifter) (D:15)
  A human (D:13)
  2 neqoxecs
  80 redbacks
  8 golden eyes
  6 steam dragons
  3 vampire mosquitoes (D:13)
  7 fire elementals
  A redback (shapeshifter) (Zot:1)
  4 chaos spawn
  Menkaure (D:5)
  9 nagas
  9 wargs
  A glowing shapeshifter zombie (Zig:21)
  3 acid dragons
  28 water moccasins
  A water moccasin (shapeshifter) (Depths:2)
  4 hell hounds
  A hornet zombie (D:15)
  A glowing shapeshifter skeleton (Zig:17)
  44 orc warriors
  2 swamp drakes (Zig:19)
  An ice beast (D:7)
  41 ogres
  10 black bears
  5 boggarts (Vaults:1)
  2 wolves
  A centaur (shapeshifter) (Zot:1)
  22 centaurs
  3 lemures (D:5)
  2 human zombies (Vaults:1)
  A phantom (D:11)
  3 kobold brigands
  12 bullfrogs
  4 necrophages
  4 earth elementals
  3 human skeletons (Vaults:1)
  3 scorpions
  A gnoll sergeant (D:12)
  10 wights
  2 troll zombies (D:11)
  3 electric eels
  8 howler monkeys
  A lava snake (D:12)
  A crimson imp (D:7)
  A quasit (Abyss:2)
  An iron imp (D:15)
  A gnoll bouda (Zig:18)
  3 hounds
  16 orc priests
  4 jellies
  Terence (D:3)
  8 iguanas
  Natasha (thrice) (D:3)
  20 orc wizards
  4 ogre zombies (D:11)
  26 mummies
  7 adders
  13 gnolls
  A shadow imp (D:6)
  3 white imps
  2 ufetubi
  A worm (D:4)
  73 orcs
  7 ball pythons
  6 endoplasms
  4 giant cockroaches
  5 hobgoblins
  7 jackals
  2 quokkas
  4 bats (D:1)
  3 frilled lizards
  6 goblins
  A goblin skeleton (D:11)
  3 goblin zombies (D:11)
  2 hobgoblin zombies (D:11)
  19 kobolds
  13 orc zombies (D:11)
  3 rats
  A butterfly (Zot:1)
3218 creatures vanquished.

Vanquished Creatures (collateral kills)
  2 ancient liches
  A dread lich (Zot:5)
  An orb of fire (Zot:2)
  3 royal mummies
  A Killer Klown (Zot:5)
  2 golden dragons
  A bone dragon (Vaults:3)
  A Tzitzimitl (Zot:1)
  A hellephant (Zig:20)
  A tentacled monstrosity (Zot:3)
  15 Orb Guardians
  Asterion (Vaults:1)
  A death cob (Zot:5)
  5 storm dragons
  A shadow dragon (Depths:3)
  3 nagarajas
  Donald (Vaults:2)
  An azure jelly (Slime:5)
  A fire giant (Depths:2)
  A frost giant (Depths:2)
  An emperor scorpion (Zig:16)
  An orc warlord (Vaults:2)
  A draconian stormcaller (Zot:5)
  A draconian annihilator (Zot:5)
  A very ugly thing (Vaults:4)
  A stone giant (Depths:4)
  A black draconian (Zot:4)
  2 green draconians
  A vampire knight (Depths:2)
  2 yellow draconians
  5 red draconians
  2 spark wasps
  A purple draconian (Zot:4)
  A deep elf annihilator (Zig:27)
  2 white draconians
  2 boulder beetles
  A dancing weapon (Zig:27)
  An orc high priest (Zig:18)
  A sixfirhy (Zot:1)
  2 obsidian statues
  An orc sorcerer (Zig:23)
  A sphinx zombie (Zig:21)
  3 ugly things
  An iron dragon zombie (Zig:17)
  2 moths of wrath (Zot:5)
  2 black mambas (Zig:22)
  A torpor snail (Zig:20)
  A guardian mummy (Zig:17)
  A blink frog (Zig:20)
  An air elemental (Zig:14)
  2 yaks
  An ushabti (Zig:21)
  A wyvern (Lair:5)
  A naga (Zig:22)
  An acid dragon (Zig:19)
  A hell hound (D:8)
  A floating eye (Depths:2)
  2 ogres
  A wolf (Lair:5)
  2 centaurs (D:13)
  12 foxfires
113 creatures vanquished.

Vanquished Creatures (others)
  An ancient lich (Zot:5)
  An orb of fire (Zot:5)
  An Orb Guardian (Zot:5)
  A death cob (Zot:5)
  A demonspawn blood saint (D:12)
  A demonspawn corrupter (D:12)
  A yellow draconian (Zot:5)
  A white draconian (Zot:5)
  A blizzard demon (D:12)
  A wizard (D:15)
  3 small abominations (Elf:3)
  An air elemental (Elf:1)
  A large abomination (Elf:3)
  An ogre (Orc:2)
  726 fire vortices
  1877 foxfires
  79 fungi
  5 pillars of salt (Zot:1)
  241 plants
2944 creatures vanquished.

Grand Total: 6275 creatures vanquished

Notes
Turn   | Place    | Note
-------+----------+-------------------------------------------
     0 | D:1      | ragingrage the Draconian Fire Elementalist began the quest
                  | for the Orb.
     0 | D:1      | Reached XP level 1. HP: 14/14 MP: 3/3
   512 | D:1      | Reached XP level 2. HP: 16/20 MP: 1/5
  1048 | D:1      | Found a faded altar of an unknown god.
  1760 | D:2      | Reached XP level 3. HP: 26/26 MP: 2/6
  1763 | D:2      | Learned a level 2 spell: Scorch
  2515 | D:3      | Noticed Natasha
  2519 | D:3      | Killed Natasha
  2520 | D:3      | Reached skill level 1 in Evocations
  2560 | D:3      | Reached XP level 4. HP: 33/33 MP: 3/7
  2615 | D:3      | Noticed Natasha
  2622 | D:3      | Killed Natasha
  2732 | D:3      | Reached skill level 4 in Fire Magic
  2904 | D:3      | Found an opulent altar of Gozag.
  2905 | D:3      | Noticed Natasha
  2913 | D:3      | Killed Natasha
  2918 | D:3      | Became a worshipper of Gozag Ym Sagoz the Greedy
  3057 | D:3      | Reached XP level 5. HP: 38/38 MP: 2/8
  3338 | D:3      | Found a blossoming altar of Fedhas.
  3527 | D:3      | Found an ancient bone altar of Kikubaaqudgha.
  3529 | D:3      | Noticed Terence
  3576 | D:3      | Killed Terence
  4061 | D:4      | Reached XP level 6. HP: 41/45 MP: 5/10
  4612 | D:4      | Learned a level 3 spell: Swiftness
  4617 | D:4      | Learned a level 4 spell: Flame Wave
  5083 | D:4      | Found a radiant altar of Vehumet.
  5109 | D:4      | Found a stormy altar of Qazlal.
  5197 | D:4      | Found a shadowy altar of Dithmenos.
  5465 | D:5      | Entered Level 5 of the Dungeon
  5465 | D:5      | Found a staircase to the Ecumenical Temple.
  5557 | D:5      | Reached skill level 5 in Fire Magic
  5557 | D:5      | Your scales start taking on a pale cyan-grey colour.
  5557 | D:5      | Reached XP level 7. HP: 46/50 MP: 5/12
  5557 | D:5      | Gained mutation: You are immune to the effects of steam.
                  | [Pale Draconian growth]
  5664 | D:5      | Reached skill level 1 in Air Magic
  5798 | D:5      | Found an iron altar of Okawaru.
  5799 | D:5      | Found an ornate altar of the Wu Jian Council.
  5833 | D:5      | Noticed Pikel
  5882 | D:5      | Killed Pikel
  5883 | D:5      | Reached skill level 5 in Spellcasting
  5883 | D:5      | Reached skill level 5 in Conjurations
  5883 | D:5      | Reached skill level 6 in Fire Magic
  5883 | D:5      | Reached XP level 8. HP: 58/58 MP: 0/15
  6070 | D:5      | Reached skill level 1 in Fighting
  6185 | D:5      | Noticed Menkaure
  6188 | D:5      | Killed Menkaure
  6653 | D:5      | Reached skill level 7 in Fire Magic
  6956 | D:6      | Reached XP level 9. HP: 68/68 MP: 13/17
  7473 | D:6      | Found a broken altar of Ashenzari.
  7790 | D:6      | Reached skill level 8 in Fire Magic
  8087 | D:7      | Found Meogused's Jewellery Emporium.
  8335 | D:7      | Noticed Joseph
  8372 | D:7      | Killed Joseph
  8373 | D:7      | Reached skill level 9 in Fire Magic
  8642 | D:7      | Learned a level 1 spell: Shock
  8716 | D:7      | Found Fouqid's Antique Armour Shoppe.
  8806 | D:7      | Reached skill level 5 in Fighting
  9055 | D:7      | Found Gupruw's Weapon Emporium.
  9483 | D:8      | Reached XP level 10. HP: 81/81 MP: 16/19
  9565 | D:8      | Reached skill level 10 in Fire Magic
  9659 | D:8      | Reached skill level 5 in Dodging
  9949 | D:8      | Found a staircase to the Lair.
 10262 | D:8      | Found a sparkling altar of Nemelex Xobeh.
 10333 | D:8      | Found a shimmering altar of Xom.
 10333 | D:8      | Found a hide-covered altar of Uskayaw.
 10337 | D:8      | Found a glowing silver altar of Zin.
 10337 | D:8      | Found a sacrificial altar of Ru.
 10338 | D:8      | Noticed Maurice
 10347 | D:8      | Killed Maurice
 10989 | D:9      | Found Geommuann's Serpentskin Sales.
 11015 | D:9      | Bought 2 curare-tipped darts for 12 gold pieces
 11015 | D:9      | Bought 3 curare-tipped darts for 18 gold pieces
 11015 | D:9      | Bought 4 curare-tipped darts for 24 gold pieces
 11333 | D:9      | Reached skill level 10 in Fighting
 11422 | D:9      | Reached XP level 11. HP: 98/99 MP: 13/20
 11491 | D:9      | Found a glowing golden altar of the Shining One.
 11621 | D:10     | Entered Level 10 of the Dungeon
 11624 | D:10     | Found a white marble altar of Elyvilon.
 11627 | D:10     | Noticed a two-headed ogre
 11752 | D:10     | Killed a two-headed ogre
 11753 | D:10     | Reached skill level 5 in Evocations
 12017 | D:10     | Noticed a two-headed ogre
 12030 | D:10     | Killed a two-headed ogre
 12196 | D:11     | Noticed a two-headed ogre
 12201 | D:11     | Killed a two-headed ogre
 12203 | D:11     | Noticed a boulder beetle
 12212 | D:11     | Killed a boulder beetle
 12281 | D:11     | Reached skill level 11 in Fire Magic
 12577 | D:11     | Found a staircase to the Orcish Mines.
 13345 | D:11     | Identified the ring "Jabaekko" {Fire rPois Str+4}
 13358 | D:11     | Found a sacrificial altar of Ru.
 13556 | D:12     | Found a snail-covered altar of Cheibriados.
 13572 | D:12     | Learned a level 4 spell: Airstrike
 13666 | Lair:1   | Entered Level 1 of the Lair of Beasts
 14027 | D:12     | Found a stormy altar of Qazlal.
 14533 | D:13     | Noticed a boulder beetle
 14539 | D:13     | a shapeshifter changed into an entropy weaver
 14539 | D:13     | Noticed an entropy weaver (shapeshifter)
 14547 | D:13     | Noticed a cyan ugly thing
 14548 | D:13     | Killed a boulder beetle
 14549 | D:13     | Reached XP level 12. HP: 86/106 MP: 10/23
 14719 | D:13     | Noticed a centaur warrior
 14721 | D:13     | Reached skill level 5 in Air Magic
 14728 | D:13     | Killed a centaur warrior
 15113 | D:13     | Noticed a vault guard
 15155 | D:13     | Killed a vault guard
 15156 | D:13     | Reached skill level 12 in Fire Magic
 15161 | D:13     | Noticed a vault guard
 15309 | D:13     | Killed a vault guard
 15318 | D:13     | Learned a level 3 spell: Mephitic Cloud
 15372 | D:13     | Noticed a boulder beetle
 15383 | D:13     | Killed a boulder beetle
 15680 | D:13     | Noticed an ogre mage
 15680 | D:13     | Noticed an ogre mage
 15708 | D:13     | Killed an ogre mage
 15794 | D:13     | Noticed a vault guard
 15821 | D:13     | Killed an ogre mage
 16011 | D:13     | Killed a vault guard
 16079 | D:13     | Found a gate to the Vaults.
 16079 | D:13     | Noticed a vault guard
 16079 | D:13     | Noticed a vault guard
 16268 | D:13     | Killed a vault guard
 16287 | D:13     | Killed a vault guard
 16854 | D:13     | Found a gate to the Vaults.
 17295 | Orc:1    | Entered Level 1 of the Orcish Mines
 17372 | Orc:1    | Reached XP level 13. HP: 95/109 MP: 18/26
 17543 | Orc:2    | Entered Level 2 of the Orcish Mines
 17665 | Orc:2    | Noticed Azrael
 17713 | Orc:2    | Killed Azrael
 19990 | Lair:2   | Found a staircase to the Shoals.
 20978 | Lair:3   | Noticed Nergalle
 21292 | Lair:3   | Killed Nergalle
 21681 | Lair:3   | Noticed Rupert
 21698 | Lair:2   | Killed Rupert
 21699 | Lair:2   | Reached XP level 14. HP: 110/122 MP: 18/27
 21896 | Lair:3   | Found a hole to the Spider Nest.
 22764 | Lair:4   | Reached skill level 10 in Dodging
 22773 | Lair:4   | Found a stormy altar of Qazlal.
 22798 | Lair:4   | Reached skill level 13 in Fire Magic
 23247 | Lair:4   | Found a viscous altar of Jiyva.
 23248 | Lair:4   | Found a staircase to the Slime Pits.
 23279 | Lair:4   | You fall into a shaft and drop 1 floor!
 23279 | Lair:5   | Entered Level 5 of the Lair of Beasts
 23282 | Lair:5   | Noticed Snorg
 23301 | Lair:5   | Reached skill level 10 in Evocations
 23319 | Lair:5   | Killed Snorg
 23638 | D:8      | Bought a scroll of magic mapping for 120 gold pieces
 23640 | D:8      | Bought the Encyclopedia of Beyond for 528 gold pieces
 23647 | D:8      | Learned a level 6 spell: Starburst
 24672 | Lair:5   | Found a runed translucent door.
 26255 | Lair:4   | Reached skill level 14 in Fire Magic
 26269 | Lair:4   | Reached XP level 15. HP: 126/133 MP: 12/28
 27251 | Orc:2    | Reached skill level 10 in Conjurations
 27440 | Orc:2    | Found a staircase to the Elven Halls.
 27518 | Orc:2    | Found Ekhusam's General Store.
 27520 | Orc:2    | Found Soumoer's Weapon Shop.
 27520 | Orc:2    | Found Jyez's Assorted Antiques.
 27520 | Orc:2    | Found Wasien's Antique Armour Shop.
 27573 | Orc:2    | Bought an embroidered scarf for 272 gold pieces
 27573 | Orc:2    | Bought a runed buckler for 255 gold pieces
 27580 | Orc:2    | Bought a pair of runed gloves for 232 gold pieces
 27591 | Orc:2    | Bought a potion of curing for 93 gold pieces
 27591 | Orc:2    | Bought a potion of curing for 93 gold pieces
 27698 | Orc:2    | Noticed Jorgrun
 27739 | Orc:2    | Killed Jorgrun
 27740 | Orc:2    | Reached skill level 1 in Shields
 28806 | Orc:1    | Found Pupib's Distillery.
 28820 | Orc:1    | Found Uqabb's Jewellery Boutique.
 28881 | Orc:1    | Bought a potion of brilliance for 72 gold pieces
 28881 | Orc:1    | Bought a potion of curing for 54 gold pieces
 28881 | Orc:1    | Bought 2 potions of heal wounds for 180 gold pieces
 28881 | Orc:1    | Bought a potion of curing for 54 gold pieces
 28881 | Orc:1    | Bought a potion of resistance for 180 gold pieces
 29519 | D:14     | Noticed Josephine
 29542 | D:14     | Killed Josephine
 29859 | D:14     | Found an opulent altar of Gozag.
 30457 | D:15     | Entered Level 15 of the Dungeon
 30470 | D:15     | Identified the +4 ring mail "Cacaduim" {Slay+3}
 30963 | D:15     | Found Rial's Weapon Boutique.
 31406 | D:15     | Found a portal to a secret trove of treasure.
 32053 | D:15     | Found a staircase to the Depths.
 32259 | D:8      | Bought a scroll of fog for 72 gold pieces
 32259 | D:8      | Bought a scroll of summoning for 171 gold pieces
 32259 | D:8      | Bought a scroll of fog for 72 gold pieces
 32259 | D:8      | Bought a scroll of teleportation for 54 gold pieces
 32259 | D:8      | Bought a scroll of immolation for 72 gold pieces
 32290 | Shoals:1 | Entered Level 1 of the Shoals
 32377 | Shoals:1 | Learned a level 5 spell: Fireball
 32564 | Shoals:1 | Reached XP level 16. HP: 144/144 MP: 9/29
 32718 | Shoals:1 | Identified the amulet "Waeciggu" {Spirit Rampage Int+2}
 33154 | Shoals:1 | Reached skill level 15 in Fire Magic
 33156 | Shoals:1 | Reached skill level 5 in Stealth
 33778 | Shoals:2 | Noticed Ilsuiw
 34002 | Shoals:2 | Killed Ilsuiw
 34150 | Shoals:2 | Reached skill level 5 in Shields
 34765 | Shoals:2 | Found Housean's Jewellery Boutique.
 35003 | Shoals:3 | Found a flickering gateway to a bazaar.
 35080 | Bazaar   | Entered a bazaar
 35132 | Bazaar   | Found Sosot's Armour Emporium.
 35148 | Bazaar   | Found Miustrup's Book Shoppe.
 35148 | Bazaar   | Found Pudos's Antique Weapon Emporium.
 35153 | Bazaar   | Bought a manual of Spellcasting for 800 gold pieces
 35159 | Bazaar   | Bought a bloodstained scimitar for 216 gold pieces
 35159 | Bazaar   | Identified the +4 scimitar of Discord {flame, Int+4} (You
                  | bought it in a shop in a bazaar)
 35200 | Bazaar   | Bought the Unrestrained Analects for 440 gold pieces
 35264 | Shoals:3 | Noticed Mecsish's ghost (adept AtWn)
 35271 | Shoals:3 | Found a runed translucent door.
 35314 | Shoals:3 | Found Nawudeupu's Antique Weapon Emporium.
 35524 | Shoals:3 | Found Wiulao's Assorted Antiques.
 36156 | Shoals:3 | Noticed Nikola
 36170 | Shoals:3 | Killed Nikola
 36801 | Shoals:4 | Entered Level 4 of the Shoals
 36976 | Shoals:4 | Reached XP level 17. HP: 144/152 MP: 18/30
 37135 | Shoals:3 | Reached skill level 16 in Fire Magic
 37414 | Shoals:4 | Reached skill level 10 in Spellcasting
 37737 | Shoals:4 | Identified the +12 dagger "Sataym" {vorpal, *Noise rF++
                  | rCorr SInv}
 38246 | Shoals:4 | Got a barnacled rune of Zot
 39292 | Shoals:4 | Identified the ring "Jeem" {Wiz +Blink Int+2 Dex+3 Slay+3}
 39623 | Spider:1 | Entered Level 1 of the Spider Nest
 40734 | Shoals:4 | Learned a level 9 spell: Fire Storm
 42140 | Spider:2 | Identified the amulet of Beusyphu {Reflect Rampage rC-
                  | Int+7 SH+5}
 43070 | Spider:2 | Reached skill level 17 in Fire Magic
 43794 | Spider:3 | Reached XP level 18. HP: 160/160 MP: 13/34
 45851 | Elf:1    | Entered Level 1 of the Elven Halls
 46660 | Elf:1    | Identified the +1 ring mail "Umatarph" {rElec rN+ Dex-5
                  | SInv}
 46763 | Elf:1    | Reached skill level 10 in Shields
 47085 | Elf:2    | Found a huge runed translucent gate.
 47085 | Elf:2    | Found a huge runed translucent gate.
 47085 | Elf:2    | Found a huge runed translucent gate.
 47085 | Elf:2    | Found a huge runed translucent gate.
 47088 | Elf:2    | Found a huge runed translucent gate.
 47637 | Elf:2    | Found a shimmering blue altar of Sif Muna.
 47889 | Elf:2    | Learned a level 2 spell: Blink
 47970 | Elf:2    | Learned a level 4 spell: Sticky Flame
 48060 | Elf:2    | Reached skill level 1 in Translocations
 48408 | Elf:3    | Entered Level 3 of the Elven Halls
 48442 | Elf:3    | Paralysed by an air elemental for 1 turns
 48449 | Elf:2    | Paralysed by an air elemental for 1 turns
 48606 | Elf:3    | Noticed Aizul
 48615 | Elf:2    | Killed Aizul
 48616 | Elf:2    | Reached skill level 18 in Fire Magic
 48940 | Abyss:2  | Cast into level 2 of the Abyss (a deep elf sorcerer)
 49003 | Abyss:2  | Found a broken altar of Ashenzari.
 49589 | Abyss:2  | Found a corrupted altar of Lugonu.
 49624 | Abyss:2  | Upgraded the game from 0.30-a0-377-g5cb311bc9f to
                  | 0.30-a0-381-g6ea064c7b4
 49765 | Elf:3    | Escaped the Abyss
 49952 | Elf:3    | Reached XP level 19. HP: 167/167 MP: 12/37
 50380 | Elf:3    | Reached skill level 15 in Conjurations
 51835 | Elf:3    | Identified the +3 long sword "Ukhly" {speed, rC+}
 51839 | Elf:3    | Reached skill level 15 in Spellcasting
 52236 | Elf:3    | Identified the +8 dagger "Iterphug" {venom, Will+++}
 52554 | Elf:3    | Learned a level 1 spell: Apportation
 52838 | Elf:3    | Identified the +6 dire flail of the People {antimagic,
                  | Str+4}
 52874 | Elf:3    | Noticed Zenata
 52885 | Elf:3    | Killed Zenata
 53413 | Elf:3    | Reached skill level 19 in Fire Magic
 54533 | Elf:3    | Got Sif Muna's Omnibus of Hiemal Embers
 54579 | Elf:3    | Identified the +0 ring mail of Ennui {rPois Str+3}
 54604 | Elf:3    | Got the Tractate on the Lungs
 55158 | Elf:3    | Learned a level 5 spell: Iskenderun's Battlesphere
 55470 | Spider:4 | Entered Level 4 of the Spider Nest
 57343 | Spider:4 | Identified the +1 chain mail "Qanur" {Int+2}
 58923 | Spider:4 | Got a gossamer rune of Zot
 59385 | D:8      | Bought a crystal broad axe for 333 gold pieces
 59385 | D:8      | Identified the +9 broad axe "Raisin" {vorpal, rN+ Will+
                  | Int+4} (You bought it in a shop on level 8 of the Dungeon)
 59521 | Vaults:1 | Entered Level 1 of the Vaults
 59525 | Vaults:1 | Learned a level 2 spell: Sublimation of Blood
 59655 | D:8      | Bought a scroll of teleportation for 48 gold pieces
 59655 | D:8      | Bought a scroll of teleportation for 48 gold pieces
 59747 | Orc:1    | Bought a ring of protection from cold for 250 gold pieces
 60238 | Vaults:1 | Reached skill level 20 in Fire Magic
 60444 | Vaults:1 | Noticed Asterion
 60452 | Vaults:1 | Killed Asterion
 60631 | Vaults:1 | Reached XP level 20. HP: 174/174 MP: 6/39
 62138 | Vaults:2 | Noticed Donald
 62146 | Vaults:2 | Killed Donald
 62235 | Vaults:2 | Noticed Boris
 62836 | Vaults:2 | Reached skill level 21 in Fire Magic
 66679 | Vaults:3 | Reached skill level 22 in Fire Magic
 66946 | Vaults:3 | Reached XP level 21. HP: 128/181 MP: 10/40
 67890 | Vaults:3 | Found a staircase to the Crypt.
 68072 | Vaults:3 | Learned a level 8 spell: Ignition
 70916 | Vaults:5 | Entered Level 5 of the Vaults
 70933 | Vaults:5 | Reached skill level 23 in Fire Magic
 71662 | Depths:1 | Entered Level 1 of the Depths
 71662 | Depths:1 | Found a gateway to Hell.
 71927 | Depths:1 | Found Xahaop's Distillery.
 71930 | Depths:1 | Bought a potion of invisibility for 120 gold pieces
 71930 | Depths:1 | Bought a potion of mutation for 120 gold pieces
 72511 | Depths:1 | Noticed an ancient lich
 72527 | Depths:1 | Killed an ancient lich
 72528 | Depths:1 | Reached XP level 22. HP: 189/189 MP: 6/41
 72589 | Depths:1 | Identified the +1 hand axe "Otihumui" {vorpal, Dex+2}
 73095 | Depths:1 | Found Erennoun's Weapon Shop.
 73101 | Depths:1 | Bought a throwing net for 54 gold pieces
 73155 | Depths:1 | Found Hueseej's Assorted Antiques.
 73162 | Depths:1 | Bought a scroll of fear for 116 gold pieces
 73262 | Depths:1 | Found Cuety's Weapon Emporium.
 73315 | Depths:1 | Reached skill level 24 in Fire Magic
 73689 | Depths:1 | Found Mahiechel's General Store.
 73697 | Depths:1 | Bought a +2 pair of boots of flying for 322 gold pieces
 73969 | Depths:1 | Found a blossoming altar of Fedhas.
 74146 | Depths:1 | Identified the +3 shortbow "Fuaroibliy" {antimagic, rC-
                  | Str+4}
 74566 | Slime:1  | Entered Level 1 of the Pits of Slime
 75374 | Slime:2  | Paralysed by a great orb of eyes for 2 turns
 76483 | Slime:4  | Gained mutation: You are dopey. (Int -2) [a shining eye]
 76656 | Slime:4  | Found a viscous altar of Jiyva.
 77299 | Slime:5  | Entered Level 5 of the Pits of Slime
 77318 | Slime:4  | Learned a level 7 spell: Orb of Destruction
 77452 | Slime:5  | Gained mutation: You are occasionally teleported next to
                  | monsters. [a shining eye]
 77459 | Slime:4  | Lost mutation: You are occasionally teleported next to
                  | monsters. [potion of mutation]
 77459 | Slime:4  | Lost mutation: You are dopey. (Int -2) [potion of mutation]
 77459 | Slime:4  | Gained mutation: You are covered in fur. (AC +1) [potion of
                  | mutation]
 77459 | Slime:4  | Gained mutation: You are robust. (+10% HP) [potion of
                  | mutation]
 77679 | Slime:5  | Noticed the Royal Jelly
 77710 | Slime:5  | Reached skill level 25 in Fire Magic
 77887 | Slime:5  | Gained mutation: Your magical capacity is low. (-10% MP) [a
                  | shining eye]
 78074 | Slime:5  | Found a viscous altar of Jiyva.
 78545 | Slime:5  | Killed the Royal Jelly
 78579 | Slime:5  | Found the +10 Black Knight's barding {ponderous, rPois rN+}
 78616 | Slime:5  | Identified the +3 whip "Tiunon" {vorpal, rPois Will+}
 78643 | Slime:5  | Got a slimy rune of Zot
 78658 | Slime:5  | Identified the +8 rapier of the Present {vorpal, rCorr
                  | Str-3 Int-5 Dex+5}
 79645 | Vaults:5 | Reached XP level 23. HP: 180/214 MP: 21/38
 80029 | Vaults:5 | Identified 2 scrolls of acquirement
 80812 | Vaults:5 | Paralysed by a sphinx for 4 turns
 81576 | Vaults:5 | Identified the +5 great mace "Siponweola" {freeze, rElec
                  | Will+}
 82047 | Vaults:5 | Identified the +7 mace "Otaq" {elec, *Rage rElec Str+3
                  | Stlth+}
 82357 | Vaults:5 | Identified the +2 buckler "Powior" {-Cast rElec Dex+8
                  | Slay-2}
 82430 | Vaults:5 | Identified the +6 scale mail of the Foremost Allies
                  | {Rampage rElec Str+5}
 82661 | Vaults:5 | Identified the +3 chain mail of Prudence {rPois rF+++ rCorr
                  | Int-2}
 82703 | Vaults:5 | Identified the +5 long sword "Girchiq" {holy, *Rage rN+++
                  | Str+5 Int+4 Dex-3}
 82770 | Vaults:5 | Got a silver rune of Zot
 83242 | D:8      | Bought a scroll of summoning for 190 gold pieces
 83246 | D:8      | Bought a potion of haste for 210 gold pieces
 83246 | D:8      | Bought a potion of haste for 210 gold pieces
 83457 | Depths:2 | Noticed Sojobo
 83459 | Depths:2 | Killed Sojobo
 83463 | Depths:2 | Reached skill level 26 in Fire Magic
 84475 | D:15     | You paid a toll of 2 scrolls of acquirement to enter a
                  | treasure trove
 84476 | Trove    | Entered a treasure trove
 84478 | Trove    | Found the amulet of the Air {Inacc Air Fly rElec RMsl}
 84478 | Trove    | Found the macabre finger necklace {rN+}
 84478 | Trove    | Found the brooch of Shielding {Spirit SH+8}
 84482 | Trove    | Identified the ring "Oloasch" {rF+++ Will- rCorr Str+6
                  | Dex-3}
 84488 | Trove    | Identified the ring of Beyff {Fire Int+2}
 84490 | Trove    | Identified the amulet "Tic Meda" {Acrobat rElec Int+2
                  | Dex-5}
 84492 | Trove    | Identified the ring "Kova" {rF+ Int+6}
 84494 | Trove    | Identified the ring "Luiwiot" {rF+ rN+ Will+ Int+2}
 84496 | Trove    | Identified the ring of Compulsion {rC+ rCorr Dex+5 SInv
                  | Stlth+}
 84500 | Trove    | Identified the amulet of Relanehe {Spirit rN+ Will+}
 86508 | Depths:2 | Found a runed translucent door.
 86945 | Depths:2 | Found a broken altar of Ashenzari.
 86945 | Depths:2 | Found a radiant altar of Vehumet.
 87304 | Depths:2 | Found a sacrificial altar of Ru.
 87304 | Depths:2 | Found a shimmering altar of Xom.
 87351 | Depths:2 | Got the Tome of Maledictive Beckoning
 88137 | Depths:2 | Found a burning altar of Makhleb.
 88201 | Depths:2 | Found a runed translucent door.
 88201 | Depths:2 | Found a runed translucent door.
 88282 | Depths:2 | Found a one-way gate to the infinite horrors of the Abyss.
 88647 | Depths:2 | Found a one-way gate leading to the halls of Pandemonium.
 89086 | Depths:2 | Reached XP level 24. HP: 223/223 MP: 17/38
 89859 | Depths:2 | Identified the +5 ring mail of Rupuzxej {Regen+ Str-2 SInv}
 90258 | Depths:2 | Reached skill level 27 in Fire Magic
 90269 | Depths:2 | Identified the ring "Asenu" {rCorr EV+4}
 90843 | Depths:2 | Reached skill level 1 in Necromancy
 91315 | Depths:2 | Found the +0 mask of the Dragon {Will+ Slay+3 SInv}
 92283 | Depths:2 | Found the +15 Maxwell's patent armour {-Cast -Tele rElec
                  | Will+ rCorr}
 92359 | Depths:2 | Got the Book of Enchanting Minerals
 92362 | Depths:2 | Got the Tome of Blazing Vapour
 93617 | Depths:3 | Noticed a juggernaut
 93625 | Depths:2 | Killed a juggernaut
 95219 | Depths:3 | Found a one-way gateway to a ziggurat.
 95983 | Depths:3 | Found a hazy altar of Hepliaklqana.
 96186 | Depths:4 | Entered Level 4 of the Depths
 96196 | Depths:4 | Noticed Xtahua
 96451 | Depths:4 | Killed Xtahua
 96452 | Depths:4 | Reached skill level 15 in Fighting
 97043 | Depths:4 | Found a gate to the Realm of Zot.
 97352 | Depths:4 | Reached skill level 5 in Necromancy
 97441 | Depths:4 | Noticed Margery
 97478 | Depths:4 | Killed Margery
 97479 | Depths:4 | Reached skill level 15 in Evocations
 97479 | Depths:4 | Reached XP level 25. HP: 234/234 MP: 9/39
 98005 | Depths:4 | Found a runed translucent door.
 98007 | Depths:4 | Noticed an ancient lich
 98008 | Depths:4 | Found a radiant altar of Vehumet.
 98016 | Depths:4 | Killed an ancient lich
 98768 | Depths:4 | Found a runed translucent door.
 98772 | Depths:4 | Noticed Kunuk's ghost (veteran MiFi)
 98790 | Depths:4 | Killed Kunuk's ghost
 99382 | Depths:4 | Noticed Mennas
 99390 | Depths:4 | Killed Mennas
100149 | Zig:1    | Entered Level 1 of a ziggurat
100289 | Zig:2    | Entered Level 2 of a ziggurat
100368 | Zig:2    | Identified the +8 plate armour of Narcissism {rElec rF+
                  | SInv}
100383 | Zig:3    | Entered Level 3 of a ziggurat
100466 | Zig:3    | Identified the +7 sling "Azxukec" {vorpal, Int+6}
100487 | Zig:4    | Entered Level 4 of a ziggurat
100489 | Zig:4    | Noticed a royal mummy
100491 | Zig:4    | Killed a royal mummy
100604 | Zig:4    | Identified the +9 mace "Roihask" {venom, rElec rPois SInv
                  | Stlth-}
100696 | Zig:4    | Learned a level 4 spell: Passage of Golubria
100699 | Zig:5    | Entered Level 5 of a ziggurat
100851 | Zig:5    | Identified the +0 war axe "Luta" {vorpal, rElec}
100869 | Zig:6    | Entered Level 6 of a ziggurat
101015 | Zig:7    | Entered Level 7 of a ziggurat
101022 | Zig:7    | Noticed Naytaal the pandemonium lord
101024 | Zig:7    | Killed Naytaal the pandemonium lord
101176 | Zig:7    | Got the Tome of Venomous Transposition
101188 | Zig:7    | Identified the +7 rapier of Peril {flame, Str+6}
101202 | Zig:8    | Entered Level 8 of a ziggurat
101416 | Zig:8    | Identified the +6 shortbow of the Grey Skies {antimagic,
                  | Fly Will+ Stlth+}
101435 | Zig:8    | Lost mutation: Your magical capacity is low. (-10% MP)
                  | [potion of mutation]
101435 | Zig:8    | Lost mutation: You are covered in fur. (AC +1) [potion of
                  | mutation]
101435 | Zig:8    | Lost mutation: You are robust. (+10% HP) [potion of
                  | mutation]
101435 | Zig:8    | Gained mutation: You are strong-willed. (Will+) [potion of
                  | mutation]
101435 | Zig:8    | Gained mutation: Your muscles are strong. (Str +4, Int/Dex
                  | -1) [potion of mutation]
101453 | Zig:9    | Entered Level 9 of a ziggurat
101459 | Zig:9    | Noticed a juggernaut
101462 | Zig:9    | Killed a juggernaut
101564 | Zig:9    | Identified the amulet "Ikkegakh" {Faith rF+ Str+3 Dex+2}
101584 | Zig:9    | Identified the +8 mace "Vuugixuth" {protect, rElec rC+
                  | Int-2}
101586 | Zig:9    | Identified the +5 ring mail of Time Monsters {rN++}
101605 | Zig:10   | Entered Level 10 of a ziggurat
101809 | Zig:10   | Identified the +10 quarterstaff of the Sky {vorpal, +Blink
                  | rF- Stlth+}
101822 | Zig:10   | Identified the +6 chain mail "Kumasm" {Dex+2}
101847 | Zig:10   | Learned a level 9 spell: Chain Lightning
101853 | Zig:11   | Entered Level 11 of a ziggurat
101862 | Zig:11   | Noticed Xudejypp the pandemonium lord
101862 | Zig:11   | Noticed a Killer Klown
101862 | Zig:11   | Noticed a Killer Klown
101863 | Zig:11   | Noticed Xoropenes the pandemonium lord
101863 | Zig:11   | Noticed Ypneref the pandemonium lord
101865 | Zig:11   | Killed a Killer Klown
101865 | Zig:11   | Killed a Killer Klown
101865 | Zig:11   | Noticed a Killer Klown
101866 | Zig:11   | Noticed Tume the pandemonium lord
101867 | Zig:11   | Killed Xoropenes the pandemonium lord
101867 | Zig:11   | Killed a Killer Klown
101868 | Zig:11   | Killed Xudejypp the pandemonium lord
101868 | Zig:11   | Killed Tume the pandemonium lord
101868 | Zig:11   | Killed Ypneref the pandemonium lord
101893 | Zig:11   | Reached XP level 26. HP: 224/224 MP: 19/44
101909 | Zig:11   | Identified the ring of the Endless Dances {rF+ Str+4}
102023 | Zig:12   | Entered Level 12 of a ziggurat
102038 | Zig:12   | Reached skill level 5 in Translocations
102157 | Zig:12   | Identified the +8 dagger of Kiaculix {venom, rC+ MP+9 Str+3
                  | Dex+2}
102158 | Zig:12   | Identified the +8 morningstar "Uherelah" {freeze, Int+6}
102221 | Zig:13   | Entered Level 13 of a ziggurat
102227 | Zig:13   | Reached XP level 27. HP: 231/231 MP: 35/44
102230 | Zig:13   | Noticed an ancient lich
102233 | Zig:13   | Killed an ancient lich
102364 | Zig:13   | Found the +6 Majin-Bo {vamp, MP+6 Int+6}
102385 | Zig:13   | Identified the ring of Qenwaaf {rElec rPois rC+ Str-4
                  | Int+6}
102407 | Zig:13   | Identified the +3 falchion of the Mauling Traitor {vorpal,
                  | Will+ Stlth+}
102413 | Zig:13   | Identified the +7 long sword of Giqy Xuzxuci {vorpal, Will+
                  | Str+4}
102546 | Zig:14   | Entered Level 14 of a ziggurat
102671 | Zig:14   | Identified the ring of the Well-Known Scars {Fly rN++
                  | rCorr}
102691 | Zig:15   | Entered Level 15 of a ziggurat
102859 | Zig:15   | Got the Essays on Metamorphosis
102861 | Zig:15   | Reached skill level 10 in Air Magic
102871 | Zig:15   | Identified the ring "Runaras" {rC+ rN++ Will+}
102910 | Zig:16   | Entered Level 16 of a ziggurat
103127 | Zig:16   | Identified the +1 scale mail of Jemuiph {Fly Slay+2 SInv}
103131 | Zig:16   | Identified the +3 executioner's axe of Stickiness {freeze,
                  | rF- rC++ Str+3 Dex+2}
103132 | Zig:16   | Identified the +7 war axe of Nehakidd {vorpal, Drain Str+2
                  | SInv}
103155 | Zig:17   | Entered Level 17 of a ziggurat
103169 | Zig:17   | Noticed a royal mummy
103170 | Zig:17   | Noticed a royal mummy
103170 | Zig:17   | Noticed a royal mummy
103171 | Zig:17   | Killed a royal mummy
103172 | Zig:17   | Killed a royal mummy
103172 | Zig:17   | Killed a royal mummy
103173 | Zig:17   | Noticed a royal mummy
103183 | Zig:17   | Killed a royal mummy
103372 | Zig:17   | Identified the amulet of Autumn {Reflect *Corrode rPois
                  | Regen+ SH+5 SInv}
103377 | Zig:17   | Identified the +4 halberd "Diod" {antimagic, Drain rElec
                  | Int+8}
103378 | Zig:17   | Identified the +4 long sword of the Enfolding Augurer
                  | {elec, Fly rPois Will+}
103391 | Zig:17   | Got the Directory of Battle Magic
103449 | Zig:18   | Entered Level 18 of a ziggurat
103457 | Zig:18   | Noticed a juggernaut
103462 | Zig:18   | Killed a juggernaut
103672 | Zig:18   | Identified the +3 sling of Autumn {speed, Str+2}
103733 | Zig:19   | Entered Level 19 of a ziggurat
103951 | Zig:19   | Identified the ring "Baix" {rN++ Str-2 Dex+10 Slay+2 SInv}
103991 | Zig:20   | Entered Level 20 of a ziggurat
104260 | Zig:20   | Identified the +0 leather armour of Defiance {rN+}
104267 | Zig:20   | Identified the +10 sling of Qafun {drain, rElec rPois
                  | Int+4}
104318 | Zig:21   | Entered Level 21 of a ziggurat
104320 | Zig:21   | Noticed a dread lich
104332 | Zig:21   | Noticed a royal mummy
104336 | Zig:21   | Noticed a royal mummy
104337 | Zig:21   | Noticed a royal mummy
104338 | Zig:21   | Noticed a royal mummy
104338 | Zig:21   | Noticed a royal mummy
104340 | Zig:21   | Found the necklace of Bloodlust {*Rage Will++ Int-3 Slay+6}
104341 | Zig:21   | Noticed a royal mummy
104348 | Zig:21   | Noticed a royal mummy
104349 | Zig:21   | Reached skill level 10 in Stealth
104349 | Zig:21   | Reached skill level 10 in Necromancy
104349 | Zig:21   | Killed a royal mummy
104349 | Zig:21   | Noticed a royal mummy
104350 | Zig:21   | Killed a royal mummy
104350 | Zig:21   | Killed a royal mummy
104350 | Zig:21   | Killed a royal mummy
104351 | Zig:21   | Killed a royal mummy
104352 | Zig:21   | Killed a royal mummy
104352 | Zig:21   | Noticed a royal mummy
104353 | Zig:21   | Killed a royal mummy
104353 | Zig:21   | Noticed a royal mummy
104355 | Zig:21   | Killed a royal mummy
104355 | Zig:21   | Noticed a royal mummy
104359 | Zig:21   | Killed a royal mummy
104364 | Zig:21   | Killed a royal mummy
104367 | Zig:21   | Killed a royal mummy
104547 | Zig:21   | Identified the +6 eveningstar "Caogei" {flame, rPois rF+
                  | rCorr}
104572 | Zig:21   | Identified the +3 whip of the Crafting Goat {spect, Will+}
104574 | Zig:21   | Identified the +7 war axe of Mourning {vorpal, rElec rC+
                  | Int-5 Dex+7}
104618 | Zig:21   | Killed a dread lich
104832 | Zig:22   | Entered Level 22 of a ziggurat
104859 | Zig:22   | Reached skill level 15 in Dodging
105075 | Zig:22   | Identified the +3 dire flail of Locro {flame, rN+ MP-9
                  | Dex+2}
105077 | Zig:22   | Identified the +4 scale mail "Qofujiad" {Drain Will+ rCorr
                  | Slay+3}
105078 | Zig:22   | Identified the +8 quick blade "Qoud" {vorpal, rPois Will+
                  | rCorr}
105081 | Zig:22   | Identified the ring of Milol {Fly rF- AC+4 Str+4}
105090 | Zig:22   | Identified the +6 spear "Osmuen" {venom, Will+ Str+4 Dex+2}
105094 | Zig:22   | Identified the +8 triple crossbow of Deformation {flame,
                  | Will- Dex+8}
105103 | Zig:22   | Identified the +6 lajatang of the Endless March {venom,
                  | rElec rCorr}
105144 | Zig:23   | Entered Level 23 of a ziggurat
105150 | Zig:23   | Noticed a juggernaut
105150 | Zig:23   | Noticed a juggernaut
105154 | Zig:23   | Noticed a juggernaut
105156 | Zig:23   | Killed a juggernaut
105156 | Zig:23   | Noticed a juggernaut
105156 | Zig:23   | Noticed a juggernaut
105157 | Zig:23   | Killed a juggernaut
105157 | Zig:23   | Noticed a juggernaut
105158 | Zig:23   | Killed a juggernaut
105160 | Zig:23   | Killed a juggernaut
105162 | Zig:23   | Killed a juggernaut
105164 | Zig:23   | Killed a juggernaut
105165 | Zig:23   | Noticed a juggernaut
105166 | Zig:23   | Killed a juggernaut
105166 | Zig:23   | Noticed a juggernaut
105166 | Zig:23   | Noticed a juggernaut
105170 | Zig:23   | Killed a juggernaut
105170 | Zig:23   | Killed a juggernaut
105170 | Zig:23   | Noticed a juggernaut
105176 | Zig:23   | Killed a juggernaut
105425 | Zig:23   | Identified the ring of Neurosis {rPois rN+++ Will++ Dex+2
                  | Slay-5}
105444 | Zig:23   | Identified the amulet "Wisas" {Reflect rElec rN+ Will+
                  | Dex+2 SH+5}
105456 | Zig:23   | Identified the amulet "Omyeluph" {Acrobat rElec}
105487 | Zig:24   | Entered Level 24 of a ziggurat
105597 | Zig:24   | Found the +1 cloak of Starlight {*Dazzle EV+4 Stlth--}
105751 | Zig:24   | Identified the +1 leather armour of the Game of Life {+Inv
                  | rCorr Int-5 Dex+5}
105756 | Zig:24   | Identified the +1 chain mail "Awirch" {rN++ Will- Int-2
                  | Slay+5}
105762 | Zig:24   | Identified the +3 scale mail "Durapots" {Int+2}
105780 | Zig:24   | Identified the +8 mace of Traps {drain, rF+ rC+ Str-3
                  | Int+7}
105796 | Zig:24   | Identified the +9 scimitar of Impermanence {antimagic,
                  | rElec Will++}
105844 | Zig:25   | Entered Level 25 of a ziggurat
105865 | Zig:25   | Reached skill level 15 in Air Magic
106074 | Zig:25   | Identified the +6 whip of Execution {vorpal, rElec rC+
                  | Will- Str+6}
106208 | Zig:26   | Entered Level 26 of a ziggurat
106615 | Zig:26   | Identified the amulet "Ilul" {Reflect Str-3 Int+3 Dex+3
                  | SH+5}
106618 | Zig:26   | Identified the +8 great sword of the Charmed God {elec,
                  | rElec rC++ Will+ Dex-2}
106659 | Zig:27   | Entered Level 27 of a ziggurat
106885 | Zig:27   | Identified the ring "Buuvagg" {rElec MP+9}
106901 | Zig:27   | Acquired 732 gold pieces
107041 | Zot:1    | Entered Level 1 of the Realm of Zot
108137 | Zot:1    | Found a shimmering altar of Xom.
108214 | Zot:1    | Found a shimmering altar of Xom.
108214 | Zot:1    | Found a glowing silver altar of Zin.
108214 | Zot:1    | Found a shimmering altar of Xom.
108216 | Zot:1    | Found a shimmering altar of Xom.
108518 | Zot:1    | Noticed Grunn
108521 | Zot:1    | Killed Grunn
108736 | Zot:2    | Noticed an orb of fire
108746 | Zot:1    | Learned a level 6 spell: Iron Shot
108946 | Depths:2 | Learned a level 7 spell: Spellforged Servitor
109251 | Vaults:1 | Learned a level 8 spell: Lehudib's Crystal Spear
109752 | Zot:2    | Identified the +6 shortbow of the Wheel {drain, Will+
                  | Int+3}
109833 | Zot:2    | You fall into a shaft and drop 2 floors!
109969 | Zot:3    | Found a transporter.
109971 | Zot:3    | Found a transporter.
110011 | Zot:3    | Reached skill level 5 in Earth Magic
110149 | Zot:3    | Found a transporter.
110429 | Zot:3    | Found a transporter.
110433 | Zot:3    | Found a transporter.
110748 | Zot:3    | Found a transporter.
111248 | Zot:2    | Killed an orb of fire
112824 | Zot:4    | Reached skill level 10 in Earth Magic
114746 | Zot:5    | Entered Level 5 of the Realm of Zot
114888 | Zot:5    | Noticed an orb of fire
115190 | Zot:5    | Noticed an ancient lich
115194 | Zot:5    | Killed an ancient lich
115410 | Zot:5    | Noticed an ancient lich
115410 | Zot:5    | Noticed an orb of fire
115410 | Zot:5    | Noticed a dread lich
115415 | Zot:5    | Killed a dread lich
115423 | Zot:5    | Reached skill level 15 in Earth Magic
115423 | Zot:5    | Reached skill level 1 in Transmutations
115426 | Zot:5    | Killed an ancient lich
115442 | Zot:5    | Reached skill level 1 in Summonings
115538 | Zot:5    | Noticed an ancient lich
116305 | Zot:5    | Got the Orb of Zot
116502 | D:15     | Noticed Bodufop the pandemonium lord
116508 | D:15     | Killed Bodufop the pandemonium lord
116518 | D:15     | Acquired a manual of Shields
116576 | D:13     | Noticed Suppi the pandemonium lord
116581 | D:12     | Noticed Posoirr the pandemonium lord
116583 | D:12     | Noticed an ancient lich
116587 | D:12     | Killed an ancient lich
116591 | D:12     | Killed Posoirr the pandemonium lord
116844 | D:4      | Noticed Hotetir the pandemonium lord
116887 | D:2      | Noticed Xuopoac the pandemonium lord
116888 | D:2      | Killed Xuopoac the pandemonium lord
116928 | D:$      | Escaped with the Orb!

Illustrated notes

Levels and vault maps discovered:
D:1:      psy_arrival_statuary, layout_basic, chequers_ecumenical_altar_grove
D:2:      layout_basic
D:3:      layout_rooms, grunt_temple_overflow_growth_and_decay,
          nicolae_overflow_crystal_walls, uniq_natasha, uniq_terence
D:4:      layout_basic, minitemple, nicolae_dithmenos_the_darkroom
D:5:      layout_cave_pools, nicolae_overflow_squiral, temple_fountains,
          uniq_menkaure, uniq_pikel
D:6:      nicolae_cairo_tiling, layout_basic, evilmike_ruin_ashenzari
D:7:      layout_basic, serial_shops, nicolae_stop_n_shop_1,
          nicolae_shop_behind_doors, shop_fountains, minmay_fire_ice_demons,
          uniq_joseph
D:8:      layout_basic, nemelex_diamond_rough_becter,
          grunt_temple_overflow_open, due_lair_maze_entry_diamond,
          chequers_serial_rivers_small_b, uniq_maurice
D:9:      layout_roguey, nicolae_tso_swordbearing_angel,
          dreamdust_deal_with_the_devil, guppyfry_shop_venom
D:10:     layout_rooms, elyvilon_altar_5, nrook_campfire
D:11:     layout_roguey, zombieorc1_lemuel, nicolae_ru_path_of_blood
D:12:     layout_roguey, kennysheep_diamond, nicolae_qazlal_eye_of_the_storm
D:13:     layout_loops_ring, grunt_vaults_entry_fortified,
          nicolae_elevator_lobby_asterisk
D:14:     layout_irregular_city, grunt_gozag_breadcrumbs, uniq_josephine
D:15:     grunt_enter_depths_magical_seal, layout_long_grid, enter_trove_5,
          serial_shops, nicolae_square_shop
Lair:1:   layout_chaotic_city
Lair:2:   layout_regular_city, shoals_dummy_entry, beast_lair_carwin_6,
          infiniplex_staircase_pool
Lair:3:   layout_regular_city, hellmonk_spider_entry_life_and_decay,
          uniq_rupert, uniq_nergalle
Lair:4:   beast_lair_carwin_large_1, layout_gridlike, dpeg_slime_entry_enclosed,
          lemuel_altar_in_water2, lemuel_fruit_fields, grunt_megastairs_3
Lair:5:   wormcave, layout_concentric_octagons,
          hangedman_lair_caniforms_friends, chequers_serial_rivers_large_b,
          uniq_snorg
Shoals:1: layout_shoals, nzn_prometheus_bound
Shoals:2: layout_shoals, serial_shops, shop, nicolae_shoals_water_booths,
          uniq_ilsuiw
Shoals:3: layout_shoals, hellmonk_ghost_happy_afterlife, serial_shops,
          bzr_entry_customers, nicolae_take_the_stairs, shop,
          nicolae_shoals_so_close, uniq_nikola
Shoals:4: shoals_end_grunt_ice, layout_shoals
Spider:1: layout_spider_delve, hangedman_spider_tarantella_strand
Spider:2: layout_spider_delve, nicolae_spider_wall_of_niches
Spider:3: layout_chambers
Spider:4: grunt_spider_rune_circles, nicolae_spider_nook
Slime:1:  layout_caves
Slime:2:  layout_caves
Slime:3:  layout_caves, cheibrodos_slime_lost_civilization_6
Slime:4:  layout_caves, basic_altar
Slime:5
Orc:1:    layout_caves, serial_shops, shop, nicolae_shop_waterfront,
          nicolae_shop_trees
Orc:2:    st_orc_ogre_mass, layout_caves, basic_altar, minmay_orc_temple_c,
          uniq_jorgrun, uniq_azrael
Elf:1:    layout_rooms, kennysheep_underground_church
Elf:2:    elven_hall_of_blades_hangedman_alternative
          [nicolae_blade_entry_floor_patterns], layout_loops_corners,
          david_defended_altar_elf
Elf:3:    elf_hall, layout_rooms, laboratory, uniq_zenata, uniq_aizul
Vaults:1: v_rooms_1, nicolae_vaults_network_star, nicolae_vaults_specimen_jars,
          v_misc_17, nicolae_vaults_stairing_the_circle, vaults_room_large_hall,
          hangedman_vaults_maws, dpeg_vaults_monster_box,
          vaults_dpeg_emergency_exit, layout_vaults_chaotic_city, uniq_asterion
Vaults:2: v_rooms_3, grunt_vaults_focal, vaults_room_fours,
          nicolae_vaults_yaktaur_gun_rack, vaults_room_hangedman_quadrants,
          v_misc_28, layout_vaults_quadrants, uniq_boris, uniq_donald
Vaults:3: hangedman_vaults_nodes, nicolae_vaults_ring_of_whatevers, v_misc_29,
          v_misc_26, vaults_dpeg_cross, vaults_standard_mumra_enter_the_diamond,
          v_rooms_4, v_misc_3, minmay_crypt_entry_nasty_monster,
          ontoclasm_vaults_twist, ontoclasm_vaults_gallery,
          nicolae_vaults_shelves_hall, nicolae_vaults_rhombus_5,
          layout_vaults_ring
Vaults:4: nicolae_vaults_little_squares_3, vaults_mumra_chevron_long,
          vaults_room_semicircle, hangedman_vaults_impose,
          nicolae_vaults_little_squares_4, vaults_mumra_chevron,
          ontoclasm_vaults_claustrophobia, v_misc_12, vaults_room_semicircle,
          v_rooms_5, v_misc_30, vaults_room_door_hall,
          vaults_room_guarded_vault, nicolae_vaults_what_the_h,
          layout_vaults_omnibox
Vaults:5: serial_shops
Depths:1: cheibrodos_cascadia, layout_gridlike, serial_shops,
          nicolae_diamond_shop, kennysheep_mini, nicolae_diamond_shop, shop,
          nicolae_shop_hallway_plus, hell_entry, fedhas_altar_fruit_tree
Depths:2: minmay_the_grid_ultimate [minmay_the_grid_prize_four_corners,
          minmay_the_grid_prize_diamond_cup,
          minmay_the_grid_prize_shrinking_boxes,
          minmay_the_grid_prize_inner_circle,
          minmay_the_grid_square_5x5_hourglass,
          minmay_the_grid_square_5x5_empty, minmay_the_grid_square_5x5_shrine1,
          minmay_the_grid_square_5x5_forky,
          minmay_the_grid_square_5x5_fancy_junction,
          minmay_the_grid_square_5x5_minivault,
          minmay_the_grid_square_5x5_intrusive_squares,
          minmay_the_grid_square_5x5_percent,
          minmay_the_grid_square_5x5_checkered,
          minmay_the_grid_square_5x5_minimal,
          minmay_the_grid_square_5x5_eight_small,
          minmay_the_grid_square_5x5_checkered_statues,
          minmay_the_grid_square_5x5_v, minmay_the_grid_square_5x5_empty,
          minmay_the_grid_square_5x5_spiral_small,
          minmay_the_grid_triangle_9x9_skeleton,
          minmay_the_grid_triangle_9x9_tough_junction,
          minmay_the_grid_triangle_9x9_shrine,
          minmay_the_grid_triangle_9x9_subtriangle,
          minmay_the_grid_triangle_9x9_dagger,
          minmay_the_grid_triangle_9x9_negative_grid,
          minmay_the_grid_triangle_9x9_flanged_cone,
          minmay_the_grid_triangle_9x9_windchime,
          minmay_the_grid_triangle_9x9_steps,
          minmay_the_grid_triangle_9x9_corrupted_corridor,
          minmay_the_grid_triangle_9x9_sprig,
          minmay_the_grid_triangle_9x9_zippers_vertical,
          minmay_the_grid_triangle_9x9_impossible_snake,
          minmay_the_grid_triangle_9x9_swiss_cheese,
          minmay_the_grid_triangle_9x9_corruption,
          minmay_the_grid_triangle_9x9_semitri,
          minmay_the_grid_square_5x5_moneybag, minmay_the_grid_octo_shrine,
          minmay_the_grid_octo_empty, minmay_the_grid_octo_focus,
          minmay_the_grid_octo_77, minmay_the_grid_octo_horde,
          minmay_the_grid_octo_odd_swirl, minmay_the_grid_octo_checkered,
          minmay_the_grid_octo_thin_diamonds, minmay_the_grid_garden,
          minmay_the_grid_empty, minmay_the_grid_diamond_grid,
          minmay_the_grid_eight], abyss_entry, pan_entry, hell_entry,
          uniq_sojobo
Depths:3: minmay_four_inscribed_fans, layout_basic, enter_ziggurat_e,
          hangedman_coc_ice_floe, serial_sigils, serial_sigils_hangedman_stare,
          serial_sigils_hangedman_scratch, marbit_kobold_abyss_entry,
          nicolae_hepliaklqana_hazy_memory
Depths:4: grunt_zot_entry_tricorne, layout_gridlike, nicolae_figureground_pulse,
          hellmonk_ghost_big_iron, grunt_pan_entry_sceptre, hell_entry,
          nicolae_lava_and_water, grunt_absolute_annihilation, uniq_margery,
          uniq_xtahua, uniq_mennas
Zot:1:    dreamdust_zin_vs_xom, layout_gridlike, uniq_grunn
Zot:2:    kennysheep_bubbly, layout_twisted_circle, grunt_ministairs_6,
          skrybe_zot_glass_1
Zot:3:    layout_cellular_growth, serial_nicolae_subway,
          nicolae_sub_station_stone, nicolae_sub_station_crystal,
          nicolae_sub_station_metal
Zot:4:    layout_cathedral_of_symmetry
Zot:5:    layout_basic, grunt_ministairs_8, lemuel_baited_zot_trap

Skill      XL: |  1  2  3  4  5  6  7  8  9 10 11 12 13 14 15 16 17 18 19 20 21 22 23 24 25 26 27 |
---------------+----------------------------------------------------------------------------------+-----
Conjurations   | 2 3 4 5 6 9 10 12 13 14 16 18 21 23 24 25 | 25.0
Evocations     | 1 2 3 4 7 9 11 12 13 14 15 16 17 | 17.0
Fire Magic     | 4 5 6 7 9 10 11 12 14 15 17 18 20 22 23 25 26 27 | 27.0
Spellcasting   | 3 5 6 7 9 12 14 15 16 17 21 | 21.6
Air Magic      | 3 4 7 8 9 18 | 18.3
Fighting       | 2 5 10 12 13 14 15 16 20 | 20.6
Dodging        | 2 4 5 7 8 9 10 11 12 13 18 | 18.6
Stealth        | 4 5 6 13 | 13.0
Shields        | 3 6 9 10 11 12 13 | 13.0
Translocations | 3 4 5 7 |  7.0
Necromancy     | 5 6 13 | 13.0
Earth Magic    | 15 | 15.0
Transmutations | 1 |  1.9
Summonings     | 4 |  4.2

Action                   |  1- 3 |  4- 6 |  7- 9 | 10-12 | 13-15 | 16-18 | 19-21 | 22-24 | 25-27 || total
-------------------------+-------+-------+-------+-------+-------+-------+-------+-------+-------++-------
Melee: Staff             |    44 |       |       |       |       |    11 |     8 |    24 |     8 ||    95
       Tailslap          |     4 |     5 |     1 |    11 |    18 |     9 |     2 |    12 |     5 ||    67
       Dagger            |       |    69 |     1 |    40 |    81 |     9 |       |       |       ||   200
       Punch             |       |     1 |       |     2 |     1 |       |       |       |       ||     4
       Scimitar          |       |       |       |       |       |    32 |       |       |       ||    32
       Broad axe         |       |       |       |       |       |       |     6 |       |       ||     6
       Quarterstaff      |       |       |       |       |       |       |       |       |    16 ||    16
Throw: Dart              |       |       |       |     2 |    10 |     2 |     3 |     1 |       ||    18
       Throwing net      |       |       |       |       |       |     1 |     1 |       |       ||     2
 Cast: Foxfire           |    69 |   118 |   161 |   236 |   504 |       |       |       |       ||  1088
       Scorch            |     2 |    27 |    31 |   144 |   301 |    18 |       |       |       ||   523
       Shock             |       |       |     6 |       |       |     1 |       |       |       ||     7
       Flame Wave        |       |       |       |    18 |    31 |     4 |       |       |       ||    53
       Airstrike         |       |       |       |     1 |    19 |    44 |    26 |     7 |       ||    97
       Mephitic Cloud    |       |       |       |     1 |    26 |     9 |       |       |       ||    36
       Starburst         |       |       |       |       |   124 |   165 |   225 |    88 |       ||   602
       Fireball          |       |       |       |       |     7 |   508 |   573 |   150 |       ||  1238
       Swiftness         |       |       |       |       |     2 |       |       |     1 |       ||     3
       Sticky Flame      |       |       |       |       |       |    22 |    12 |    11 |       ||    45
       Iskenderun's Batt |       |       |       |       |       |       |    14 |    14 |       ||    28
       Apportation       |       |       |       |       |       |       |     3 |       |       ||     3
       Ignition          |       |       |       |       |       |       |     9 |    69 |    55 ||   133
       Blink             |       |       |       |       |       |       |     4 |     6 |     1 ||    11
       Fire Storm        |       |       |       |       |       |       |     3 |   217 |   444 ||   664
       Orb of Destructio |       |       |       |       |       |       |       |    85 |     3 ||    88
       Sublimation of Bl |       |       |       |       |       |       |       |     1 |   116 ||   117
       Lehudib's Crystal |       |       |       |       |       |       |       |       |    19 ||    19
       Spellforged Servi |       |       |       |       |       |       |       |       |    11 ||    11
       Passage of Golubr |       |       |       |       |       |       |       |       |     1 ||     1
Invok: Call Merchant     |       |       |       |       |     3 |       |     2 |     3 |       ||     8
       Potion Petition   |       |       |       |       |       |     2 |     4 |     2 |    19 ||    27
       Bribe Branch      |       |       |       |       |       |       |       |       |     2 ||     2
 Abil: Breathe Steam     |       |       |    30 |    83 |    77 |    91 |    33 |    13 |     1 ||   328
Evoke: Wand              |       |       |       |    10 |    18 |    32 |     7 |     7 |     7 ||    81
       Phial of floods   |       |       |       |       |     2 |     2 |     3 |       |     1 ||     8
       Condenser vane    |       |       |       |       |       |     2 |     2 |     1 |     1 ||     6
       Tin of tremorston |       |       |       |       |       |     1 |     2 |     2 |       ||     5
       Box of beasts     |       |       |       |       |       |       |     4 |     2 |     2 ||     8
  Use: Scroll            |       |     4 |     3 |    13 |     8 |     5 |    10 |     5 |    14 ||    62
       Potion            |       |       |       |       |     5 |     1 |     3 |     5 |    24 ||    38
 Stab: Sleeping          |     2 |       |       |       |       |     1 |       |       |       ||     3
       Distracted        |       |       |       |       |     1 |       |       |       |     2 ||     3
       Confused          |       |       |       |       |       |     2 |       |       |       ||     2
Armor: Skin              |    28 |    36 |     2 |    51 |   148 |   143 |    83 |    52 |    17 ||   560
Dodge: Dodged            |    26 |    45 |     7 |   110 |   338 |   254 |   128 |   130 |   132 ||  1170
       Repelled          |       |       |       |       |       |     8 |     3 |     7 |       ||    18
Block: Buckler           |       |       |       |       |    40 |   156 |    83 |    68 |     7 ||   354

Table legend: (Time is in decaauts)
 A = Elapsed time spent in this place.
 B = Non-inter-level travel time spent in this place.
 C = Inter-level travel time spent in this place.
 D = Time resting spent in this place.
 E = Time spent auto-exploring this place.
 F = Levels seen in this place.
 G = Mean time per level.
                   A        B        C        D        E       F      G
               +--------+--------+--------+--------+--------+-----+--------+
         Total | 117577 | 106131 |  11446 |  34128 |  51860 |  82 | 1433.9 |
       Dungeon |  25067 |  20566 |   4501 |   3602 |  13127 |  15 | 1671.1 |
          Lair |   8798 |   7646 |   1152 |   1443 |   4550 |   5 | 1759.6 |
        Shoals |   7919 |   6966 |    953 |   2173 |   3381 |   4 | 1979.8 |
   Spider Nest |   9417 |   8632 |    785 |   3252 |   3876 |   4 | 2354.2 |
    Slime Pits |   4173 |   3941 |    232 |   1776 |   1479 |   5 |  834.6 |
  Orcish Mines |   3114 |   2936 |    178 |   1007 |   1201 |   2 | 1557.0 |
   Elven Halls |   8475 |   8192 |    283 |   4353 |   2462 |   3 | 2825.0 |
        Vaults |  15752 |  14196 |   1556 |   4879 |   6083 |   5 | 3150.4 |
        Depths |  18635 |  17423 |   1212 |   7906 |   7428 |   4 | 4658.8 |
           Zot |   8470 |   7880 |    590 |   2524 |   4452 |   5 | 1694.0 |
         Abyss |    827 |    827 |      0 |    148 |      0 |   1 |  827.0 |
      Ziggurat |   6748 |   6748 |      0 |   1063 |   3728 |  27 |  249.9 |
        Bazaar |    136 |    136 |      0 |      0 |     90 |   1 |  136.0 |
         Trove |     41 |     41 |      0 |      0 |      1 |   1 |   41.0 |
               +--------+--------+--------+--------+--------+-----+--------+

Top non-repeatable levels by time:
Depths:2: 8775 daAuts
   Elf:3: 5063 daAuts
Vaults:5: 4042 daAuts
Depths:4: 3841 daAuts
Depths:1: 3422 daAuts
    D:13: 3146 daAuts
Vaults:3: 3098 daAuts
Spider:4: 3053 daAuts
Vaults:1: 3003 daAuts
Vaults:2: 2939 daAuts
Shoals:3: 2795 daAuts
Vaults:4: 2668 daAuts
    D:15: 2629 daAuts
Depths:3: 2595 daAuts
     D:8: 2374 daAuts
